 Adventure DCSS version bcrawl-1.19.2-6-g6a88ae04c9 (webtiles) character file.

Game seed: 6540621701294239562

15505 pasperui the Carver (level 12, -1/109 (110) HPs)
             Began as a Naga Sloth Apostle on Dec 25, 2019.
             Was a High Priest of Cheibriados.
             Slain by a manticore (12 damage)
             ... on level 11 of the Dungeon on Jan 2, 2020.
             The game lasted 00:56:23 (15444 turns).

pasperui the Carver (Naga Sloth Apostle)           Turns: 15444, Time: 00:56:24

HP:   -1/109 (110)  AC: 13    Str: 30 (31) XL:     12   Next: 27%
MP:   17/20         EV: 13    Int: 27 (28) God:    Cheibriados [*****.]
Gold: 786           SH:  4    Dex: 24 (26) Spells: 10/21 levels left
                                        Lives: 0   Deaths: 2

rFire    + . .     SeeInvis +   K - +0 scimitar
rCold    . . .     Gourm    .   (no shield)
rNeg     . . .     Faith    .   z - +2 robe {rF+}
rPois    +         Spirit   .   G - +1 helmet {Int+3}
rElec    .         Reflect  .   Q - scarf {cloud immunity}
rCorr    +         Harm     .   H - +2 pair of gloves
MR       +....                  (no barding)
Stlth    ++++......             (no amulet)
HPRegen  0.28/turn              i - ring of resist corrosion
MPRegen  0.17/turn              (no ring)

@: very slow
A: large, see invisible, deformed body, deterioration 1, sense surroundings 1,
poison resistance, shaggy fur 1, slowness 2, slow metabolism 1, spit poison 1,
AC +4
a: Spit Poison, Bend Time, Temporal Distortion, Slouch, Step From Time, Renounce
Religion


You were on level 11 of the Dungeon.
You worshipped Cheibriados.
Cheibriados was extremely pleased with you.
You were not hungry.

You visited 1 branch of the dungeon, and saw 11 of its levels.

You collected 786 gold pieces.

Inventory:

Hand Weapons
 n - a +2 dagger of venom
 v - a +1 trident of piercing
 w - a +0 hunting sling
 C - a +0 hunting sling of freezing
 K - a +0 scimitar (weapon)
 L - the +7 mace of Qazlal's Castigation {pain, *Contam Str-4 Int+5 Stlth+}
   (You took it off an orc warrior on level 7 of the Dungeon)

   In the hands of one skilled in necromantic magic, it inflicts extra damage on
   living creatures.
   It affects your strength (-4).
   It affects your intelligence (+5).
   It causes magical contamination when unequipped.
   It makes you more stealthy.
Missiles
 a - 321 poisoned needles
 e - 1861 arrows
 g - 2819 stones
 k - 217 javelins (quivered)
 m - 5 throwing nets {!f}
 y - 1694 sling bullets
 F - 52 poisoned tomahawks
 I - 117 bolts
 R - 196 tomahawks
Armour
 c - a +0 shield
 o - a +0 scale mail
 z - a +2 robe of fire resistance (worn)
 B - a +1 cloak
 G - a +1 helmet of intelligence (worn)
 H - a +2 pair of gloves (worn)
 Q - a scarf of cloud immunity (worn)
 T - a +2 hat of magic resistance
Magical Staves
 t - an uncursed staff of power {unknown}
Jewellery
 i - a ring of resist corrosion (left hand)
 M - the ring of the Will of the Gods {*Tele rF+}
   (You took it off a skeletal warrior on level 7 of the Dungeon)

   [ring of teleportation]

   It may teleport you next to monsters.
   It protects you from fire.
 P - a +2 ring of protection
Wands
 d - a wand of paralysis (2)
 h - a wand of polymorph (18)
 j - a wand of scattershot (1)
 r - a wand of flame (20)
 A - a wand of digging (7)
Scrolls
 l - a scroll of immolation {unknown}
 p - 6 scrolls of amnesia
 q - 8 scrolls of remove curse
 s - 3 scrolls of blinking
 u - 2 scrolls of magic mapping {unknown}
 x - a scroll of noise {unknown}
 D - 2 scrolls of enchant armour
 E - 3 scrolls of fog {unknown}
 J - 4 scrolls of teleportation {unknown}
 N - a scroll of fear
 U - a scroll of vulnerability {unknown}
 W - 2 scrolls of identify
Potions
 b - 2 potions of mutation
 O - 3 potions of might
 S - a potion of flight
 V - a potion of haste
 Y - a potion of degeneration {unknown}
Comestibles
 f - 21 rations {!d}
 X - 10 chunks of flesh


   Skills:
 * Level 7.9 Fighting
 - Level 3.4(6.5) Short Blades
 - Level 8.6(9.0) Long Blades
 - Level 5.6 Throwing
 - Level 2.8 Armour
 - Level 4.3 Dodging
 - Level 8.0 Stealth
 - Level 1.5 Shields
 - Level 5.3 Spellcasting
 - Level 7.1 Conjurations
 - Level 3.2 Hexes
 - Level 5.3 Summonings
 - Level 5.2 Poison Magic
 - Level 4.0 Invocations
 - Level 4.4 Evocations


You had 10 spell levels left.
You knew the following spells:

 Your Spells              Type           Power        Failure   Level  Hunger
a - Slow                  Hex            ###.....     1%          1    None
b - Confuse               Hex            ###.....     5%          3    #......
c - Mephitic Cloud        Conj/Pois/Air  ####....     3%          3    #......
d - Summon Scorpions      Summ/Pois      #####...     8%          4    ###....

Your spell library contained the following spells:

 Spells                   Type           Power        Failure   Level  Hunger
 Magic Dart               Conj           ####         1%          1    None
 Sting                    Conj/Pois      ####         1%          1    None
 Call Imp                 Summ           #####.       1%          2    None
 Searing Ray              Conj           #####...     1%          2    None
 Iskenderun's Mystic Bla  Conj           #####...     1%          3    #......
 Dazzling Spray           Conj/Hex       #####.       2%          3    #......
 Poisonous Vapours        Pois/Air       ###...       3%          2    None
 Conjure Flame            Conj/Fire      ####....     4%          3    #......
 Beastly Appendage        Tmut           #.....       7%          1    None
 Spider Form              Tmut/Pois      ###          7%          3    #......
 Olgreb's Toxic Radiance  Pois           #####...     8%          4    ###....
 Fulminant Prism          Conj/Hex       #####.....   9%          4    ###....
 Ignite Poison            Fire/Tmut/Pois ###.....     10%         3    #......
 Blink                    Tloc           N/A          11%         2    None
 Sticks to Snakes         Tmut           #.......     11%         2    None
 Venom Bolt               Conj/Pois      #####.....   16%         5    #####..
 Yara's Violent Unravell  Hex/Tmut       ###.......   34%         4    ###....
 Irradiate                Conj/Tmut      ####......   41%         5    #####..
 Ice Form                 Ice/Tmut       #.......     56%         4    ###....
 Petrify                  Tmut/Erth      #.......     56%         4    ###....
 Metabolic Englaciation   Hex/Ice        ###.......   69%         5    #####..
 Blade Hands              Tmut           #.........   88%         5    #####..
 Mana Rupture             Conj/Hex       #####.....   100%        7    #######


Dungeon Overview and Level Annotations

Branches:
Dungeon (11/12)            Temple (0/1) D:4            Lair (0/6) D:9
    Orc (0/1) D:8
 Vaults: D:11-12

Altars:
Ashenzari
Gozag
Nemelex Xobeh
Okawaru
Ru
Beogh
Jiyva

Annotations:
D:4 3 runed translucent doors, ConnectionFaild's ghost, amateur AvAE


Innate Abilities, Weirdness & Mutations

You cannot wear boots.
Your serpentine skin is tough. (AC +4)
You have supernaturally acute eyesight. (SInv)
Armour fits poorly on your strangely shaped body.
Your system is resistant to poisons. (rPois)
You cover ground very slowly.
You have a slow metabolism.
You can spit poison.
Your body sometimes deteriorates upon taking damage.
You passively map a small area around you.
You are covered in fur. (AC +1)


Message History

The stinking cloud engulfs you!
The manticore is engulfed in noxious fumes.
The manticore bites you!
* * * LOW HITPOINT WARNING * * *
The manticore closely misses you.
The manticore claws you but does no damage.
Unknown command.
You completely miss the manticore.
The manticore is almost dead.
The manticore is engulfed in noxious fumes.
The manticore appears confused.
You block the manticore's attack. The manticore closely misses you.
The manticore claws you.
* * * LOW HITPOINT WARNING * * *
Unknown command.
You hit the manticore but do no damage.
The manticore is almost dead.
Something barely misses the manticore.
The manticore is engulfed in noxious fumes.
The manticore appears confused.
The manticore bites you!
You die...

#............. ,#.......
#.............,,#....... *
#............. #....... ,
#............. ######'## ,
... #........H....
#........ ,
....#.............
#.######. ,
...#.....☼.......
#.######. ..#
#H#######+#........ ***
*#.#, #○@................
#.######..................
*
#.................########
########................ ,
, ...........##...........
...........##........... ,
...........##...........
,, ,,
...........##........... +
..............[........ ,


You could see a manticore (confused).

Vanquished Creatures
  Gastronok (D:9)
  2 centaur warriors
  2 tengu warriors (D:10)
  A skeletal warrior (D:7)
  A cyclops (D:10)
  An ugly thing (D:8)
  Joseph (D:7)
  A freezing wraith (D:9)
  A troll (shapeshifter) (D:11)
  3 trolls
  Grinder (D:5)
  A spriggan (shapeshifter) (D:7)
  6 hippogriffs
  A vampire (D:11)
  A shadow (D:7)
  6 yaks (D:10)
  Sigmund (D:5)
  A vampire mosquito (D:7)
  A hungry ghost (D:6)
  A steam dragon (D:6)
  Menkaure (D:5)
  A soldier ant (D:10)
  Duvessa (D:5)
  3 crocodiles
  8 orc warriors
  3 sky beasts
  2 necrophages
  A phantom (D:7)
  2 ice beasts
  8 ogres
  6 centaurs
  3 bullfrogs
  A gnoll sergeant (D:7)
  Dowan (D:5)
  10 killer bees
  5 wights
  A howler monkey (D:7)
  8 jellies
  4 crimson imps
  A bullfrog zombie (D:7)
  2 centaur zombies
  6 hounds
  5 orc priests
  2 centaur skeletons
  2 gnoll shamans (D:7)
  10 orc wizards
  2 iguanas
  Ijyb (D:4)
  6 worker ants
  A hound zombie (D:8)
  3 hound skeletons
  A howler monkey zombie (D:8)
  3 worker ant zombies
  20 gnolls
  20 adders
  A howler monkey skeleton (D:7)
  2 river rats (D:4)
  2 shadow imps
  3 oozes
  An adder skeleton (D:4)
  5 worms
  2 dart slugs (D:2)
  3 leopard geckos
  45 orcs
  4 giant cockroaches
  8 goblins
  9 hobgoblins
  13 jackals
  4 quokkas
  3 ball pythons
  10 bats
  5 frilled lizards
  A jackal skeleton (D:5)
  7 kobolds
  9 rats
325 creatures vanquished.

Notes
Turn   | Place    | Note
-------+----------+-------------------------------------------
     0 | D:1      | pasperui the Naga Sloth Apostle began the quest for the
                  | Orb.
     0 | D:1      | Reached XP level 1. HP: 19/19 MP: 2/2
   193 | D:1      | Reached XP level 2. HP: 25/26 MP: 3/3
   697 | D:1      | Reached * piety under Cheibriados
   697 | D:1      | Reached XP level 3. HP: 5/32 MP: 4/4
  1899 | D:2      | Reached ** piety under Cheibriados
  2258 | D:2      | Reached XP level 4. HP: 39/39 MP: 5/5
  3061 | D:2      | Reached skill level 1 in Dodging
  3539 | D:3      | Reached XP level 5. HP: 44/45 MP: 6/6
  3697 | D:3      | Reached *** piety under Cheibriados
  3860 | D:3      | Found an opulent altar of Gozag.
  3860 | D:3      | Found a sparkling altar of Nemelex Xobeh.
  4378 | D:4      | Noticed an ice beast
  4431 | D:4      | HP: 2/45 [adder (2)]
  4433 | D:4      | Slain by an adder
  4434 | D:4      | Reached XP level 4. HP: 0/39 MP: 5/5
  4452 | D:4      | Found a runed translucent gate.
  4452 | D:4      | Found a runed translucent gate.
  4453 | D:4      | Found a runed translucent gate.
  4453 | D:4      | Noticed ConnectionFaild's ghost (amateur AvAE)
  4455 | D:4      | Identified the +10 mace of Jiecurum {venom, +Blink rPois
                  | Dex-5 SInv}
  4455 | D:4      | Identified the +1 scale mail of Xoled {rN+ Int+3}
  4456 | D:4      | Identified the +2 rapier "Leviticus" {freeze, +Inv Dex+2}
  4456 | D:4      | Noticed an orc warrior
  4473 | D:4      | Reached XP level 5. HP: 22/46 MP: 6/6
  4530 | D:4      | Killed an ice beast
  4530 | D:4      | Reached XP level 6. HP: 7/57 MP: 7/7
  4630 | D:4      | Gained mutation: Your body sometimes deteriorates upon
                  | taking damage. [potion of mutation]
  4630 | D:4      | Gained mutation: You are covered in fur. (AC +1) [potion of
                  | mutation]
  4630 | D:4      | Gained mutation: You passively map a small area around you.
                  | [potion of mutation]
  4923 | D:4      | Reached **** piety under Cheibriados
  4942 | D:4      | Learned a level 3 spell: Confuse
  5002 | D:4      | Noticed Ijyb
  5019 | D:4      | Reached skill level 5 in Long Blades
  5050 | D:4      | Killed Ijyb
  5050 | D:4      | Reached skill level 5 in Stealth
  5339 | D:4      | Found a staircase to the Ecumenical Temple.
  5352 | D:4      | Reached skill level 1 in Invocations
  5356 | D:4      | Reached XP level 7. HP: 43/64 MP: 8/8
  5887 | D:4      | Found a roughly hewn altar of Beogh.
  5939 | D:5      | Entered Level 5 of the Dungeon
  5973 | D:5      | Noticed Duvessa
  5973 | D:5      | Noticed Dowan
  5989 | D:5      | Killed Dowan
  5997 | D:5      | HP: 2/64 [orc priest/+0 flail of protection (3)]
  6072 | D:5      | Noticed Grinder
  6085 | D:5      | Paralysed by Grinder for 2 turns
  6087 | D:5      | Killed Grinder
  6370 | D:5      | Noticed Sigmund
  6378 | D:5      | Killed Sigmund
  6378 | D:5      | Reached XP level 8. HP: 65/72 MP: 11/11
  6425 | D:5      | Reached skill level 1 in Throwing
  6677 | D:5      | Found a sacrificial altar of Ru.
  6677 | D:5      | Found a shattered altar of Ashenzari.
  6678 | D:5      | Found an iron altar of Okawaru.
  6765 | D:5      | Noticed Menkaure
  6770 | D:5      | Killed Menkaure
  6907 | D:5      | Reached skill level 1 in Short Blades
  7390 | D:5      | Killed Duvessa
  7390 | D:5      | Reached XP level 9. HP: 58/78 MP: 12/12
  7677 | D:6      | Noticed a troll
  8257 | D:6      | Killed a troll
  8301 | D:6      | Reached ***** piety under Cheibriados
  8694 | D:7      | Noticed Joseph
  8719 | D:7      | Killed Joseph
  8737 | D:7      | Reached skill level 1 in Armour
  8737 | D:7      | Reached XP level 10. HP: 15/85 MP: 13/13
  9385 | D:7      | Identified the ring of the Will of the Gods {*Tele rF+}
  9385 | D:7      | Noticed a skeletal warrior
  9401 | D:7      | Killed a skeletal warrior
  9401 | D:7      | Reached skill level 5 in Fighting
  9732 | D:7      | Identified the +7 mace of Qazlal's Castigation {pain,
                  | *Contam Str-4 Int+5 Stlth+}
 10032 | D:7      | Noticed a centaur warrior
 10039 | D:7      | Killed a centaur warrior
 10069 | D:7      | HP: 2/92 [gnoll/+0 spear of venom (3)]
 10071 | D:7      | Succumbed to a gnoll's poison
 10072 | D:7      | Reached XP level 9. HP: 0/85 MP: 15/15
 10416 | D:7      | Noticed a troll
 10426 | D:7      | Killed a troll
 10426 | D:7      | Reached skill level 5 in Spellcasting
 10426 | D:7      | Reached XP level 10. HP: 76/92 MP: 17/17
 11570 | D:8      | Reached skill level 5 in Throwing
 11796 | D:8      | Noticed a green ugly thing
 11807 | D:8      | Killed a green ugly thing
 12238 | D:8      | Found a staircase to the Orcish Mines.
 12315 | D:8      | Learned a level 3 spell: Mephitic Cloud
 12320 | D:8      | Learned a level 4 spell: Summon Scorpions
 12471 | D:8      | Reached skill level 1 in Conjurations
 12734 | D:9      | Noticed Gastronok
 12741 | D:9      | Killed Gastronok
 12741 | D:9      | Reached XP level 11. HP: 76/98 MP: 19/19
 12745 | D:9      | Found a staircase to the Lair.
 12885 | D:9      | Reached skill level 1 in Summonings
 13164 | D:9      | Found a viscous altar of Jiyva.
 13545 | D:10     | Entered Level 10 of the Dungeon
 13722 | D:10     | Noticed a cyclops
 14051 | D:10     | Killed a cyclops
 14051 | D:10     | Reached skill level 5 in Summonings
 14203 | D:10     | Reached skill level 1 in Poison Magic
 14350 | D:10     | Noticed a tengu warrior
 14351 | D:10     | Noticed a tengu warrior
 14366 | D:10     | Killed a tengu warrior
 14366 | D:10     | Reached XP level 12. HP: 42/105 MP: 5/20
 14376 | D:10     | Killed a tengu warrior
 14376 | D:10     | Reached skill level 5 in Poison Magic
 14975 | D:11     | Noticed a centaur warrior
 14981 | D:11     | Killed a centaur warrior
 15444 | D:11     | Slain by a manticore

Skill      XL: |  1  2  3  4  5  6  7  8  9 10 11 12 |
---------------+-------------------------------------+-----
Long Blades    | 3 4 5 8 |  8.6
Dodging        | 3 2 4 |  4.3
Fighting       | 3 4 6 7 |  7.9
Stealth        | 5 8 |  8.0
Invocations    | 1 4 |  4.0
Evocations     | 4 |  4.4
Throwing       | 2 5 |  5.6
Short Blades   | 3 |  3.4
Armour         | 1 2 |  2.8
Spellcasting   | 5 4 |  5.3
Hexes          | 3 |  3.2
Conjurations   | 7 |  7.1
Summonings     | 5 |  5.3
Poison Magic   | 3 5 |  5.2
Shields        | |  1.5

Action                   |  1- 3 |  4- 6 |  7- 9 | 10-12 || total
-------------------------+-------+-------+-------+-------++-------
Melee: Falchion          |   115 |    67 |       |       ||   182
       Long sword        |       |   114 |   191 |   109 ||   414
       Unarmed           |       |    19 |       |       ||    19
       Dagger            |       |       |   143 |   224 ||   367
       Scimitar          |       |       |    13 |   186 ||   199
Throw: Javelin           |       |       |    20 |    69 ||    89
 Cast: Mephitic Cloud    |       |       |       |    25 ||    25
       Confuse           |       |       |       |     4 ||     4
Invok: Slouch            |       |       |     2 |     6 ||     8
       Temporal Distorti |       |       |     2 |       ||     2
 Abil: Spit Poison       |    15 |    15 |    22 |    20 ||    72
Evoke: Wand              |       |       |     5 |     6 ||    11
  Use: Potion            |       |     6 |     2 |     3 ||    11
       Scroll            |       |       |     5 |     4 ||     9
 Stab: Sleeping          |     7 |     5 |     7 |    14 ||    33
       Distracted        |       |     1 |     1 |     2 ||     4
       Paralysed         |       |       |     1 |     1 ||     2
       Confused          |       |       |       |    17 ||    17
  Eat: Chunk             |     2 |     5 |     5 |     9 ||    21
       Ration            |       |       |     3 |     1 ||     4
Armor: Robe              |    26 |    32 |   122 |   196 ||   376
       Skin              |       |    15 |     2 |       ||    17
Dodge: Dodged            |    65 |   118 |   186 |   341 ||   710
Block: Other             |     2 |    10 |    20 |    63 ||    95
